TOP OF THE 1ST |
Atlanta Braves batting - Pitching for San Francisco Giants : LHP Tim Costello
|
Pitching: LHP Tim Costello
|
|
Batting: LHB Brett Butler
|
0-0: Ball 1-0: Ball 2-0: Called Strike 2-1: Called Strike 2-2: Ball 3-2: Base on Balls
|
Batting: LHB Joe L Morgan
|
0-0: Ball 1-0: Fly out, F7 (Flyball, 78D, EV 102.5 MPH)
|
Batting: SHB Tony Fernandez
|
0-0: Ball Brett Butler is caught stealing 2nd base 2-4 1-0: Fly out, F9 (Line Drive, 9D, EV 98.8 MPH)
|
Top of the 1st over - 0 runs, 0 hits, 0 errors, 0 left on base; Atlanta 0 - San Francisco 0 |
BOTTOM OF THE 1ST |
San Francisco Giants batting - Pitching for Atlanta Braves : RHP Gary Carter
|
Pitching: RHP Gary Carter
|
|
Batting: RHB Paul Zuvella
|
0-0: Ball 1-0: Ground out U3 (Groundball, 13, EV 78.8 MPH)
|
Batting: LHB Doug Frobel
|
0-0: Fly out, F8 (Flyball, 8LXD, EV 95.6 MPH)
|
Batting: LHB Keith Hernandez
|
0-0: Fly out, F8 (Line Drive, 8RD, EV 90.6 MPH)
|
Bottom of the 1st over - 0 runs, 0 hits, 0 errors, 0 left on base; Atlanta 0 - San Francisco 0 |
TOP OF THE 2ND |
Atlanta Braves batting - Pitching for San Francisco Giants : LHP Tim Costello
|
Batting: LHB Karl Pagel
|
0-0: Ball 1-0: SINGLE (Line Drive, 78S, EV 101.3 MPH)
|
Batting: LHB Mike Hargrove
|
0-0: Called Strike 0-1: Ball 1-1: Foul Ball, location: 2F 1-2: Ball 2-2: Foul Ball, location: 2F 2-2: Grounds into double play, 3-6-3 (Groundball, 34S, EV 84.4 MPH)
|
Batting: LHB Brent Hillenga
|
0-0: Ball 1-0: Ball 2-0: Foul Ball, location: 2F 2-1: Ball 3-1: Base on Balls
|
Batting: RHB Guy Sularz
|
0-0: Ball Brent Hillenga is caught stealing 2nd base 2-4
|
Top of the 2nd over - 0 runs, 1 hit, 0 errors, 0 left on base; Atlanta 0 - San Francisco 0 |
BOTTOM OF THE 2ND |
San Francisco Giants batting - Pitching for Atlanta Braves : RHP Gary Carter
|
Batting: RHB Phil Bailey
|
0-0: Ball 1-0: Swinging Strike 1-1: Called Strike 1-2: Foul Ball, location: 2F 1-2: Ball 2-2: SOLO HOME RUN (Line Drive, 7D, EV 100.0 MPH), Distance : 381 ft
|
Batting: RHB Kevin Howard
|
0-0: SOLO HOME RUN (Flyball, 8LXD, EV 96.9 MPH), Distance : 449 ft
|
Batting: RHB Billy L Smith
|
0-0: Ball 1-0: Called Strike 1-1: Ball 2-1: Fly out, F6 (Line Drive, 6, EV 68.8 MPH)
|
Batting: RHB Don Lyle
|
0-0: Foul Ball, location: 2F 0-1: SINGLE (Line Drive, 3D, EV 101.9 MPH)
|
Batting: LHB James Durrman
|
0-0: Called Strike 0-1: Swinging Strike 0-2: Fly out, F8 (Flyball, 8LS, EV 94.4 MPH)
|
Batting: LHB Tim Costello
|
0-0: Ball 1-0: Ball 2-0: Fly out, F6 (Line Drive, 6, EV 66.9 MPH)
|
Bottom of the 2nd over - 2 runs, 3 hits, 0 errors, 1 left on base; Atlanta 0 - San Francisco 2 |
TOP OF THE 3RD |
Atlanta Braves batting - Pitching for San Francisco Giants : LHP Tim Costello
|
Batting: RHB Guy Sularz
|
0-0: Ball 1-0: SINGLE (Line Drive, 89S, EV 100.0 MPH)
|
Batting: RHB Gary Allenson
|
0-0: SINGLE (Groundball, 34, EV 93.8 MPH) Guy Sularz to second Runner from 2nd tries for 3rd, SAFE, throw by RF made to third
|
Batting: LHB Gary Carter
|
0-0: Reached on error, E1 (Groundball, 15, EV 43.8 MPH) Guy Sularz scores Gary Allenson to third
|
Batting: LHB Brett Butler
|
0-0: Ball 1-0: Ball 2-0: Ball 3-0: Called Strike 3-1: Fly out, F8 (Flyball, 8RD, EV 98.8 MPH) Runner from 3rd tags up, SCORES, throw by CF Gary Carter to third
|
Batting: LHB Joe L Morgan
|
0-0: Ball 1-0: Ball 2-0: Ball 3-0: Called Strike 3-1: Base on Balls
|
Batting: SHB Tony Fernandez
|
0-0: Called Strike 0-1: Fielders Choice at 2nd, 5-4 (Groundball, 5S, EV 81.9 MPH) Gary Carter scores
|
Batting: LHB Karl Pagel
|
0-0: Ball 1-0: Called Strike 1-1: Ball 2-1: Foul Ball, location: 2F 2-2: Ball 3-2: SINGLE (Groundball, 34D, EV 103.1 MPH) Tony Fernandez to second Tony Fernandez to third
|
Batting: LHB Mike Hargrove
|
0-0: Ball 1-0: Ball 2-0: Foul Ball, location: 2F 2-1: SINGLE (Line Drive, 4MD, EV 98.8 MPH) Tony Fernandez scores Karl Pagel to second
|
Batting: LHB Brent Hillenga
|
0-0: Foul Ball, location: 2F 0-1: Ball 1-1: Called Strike 1-2: Fielders Choice at 2nd, 5-4 (Groundball, 5, EV 115.6 MPH)
|
Top of the 3rd over - 4 runs, 4 hits, 1 error, 2 left on base; Atlanta 4 - San Francisco 2 |
BOTTOM OF THE 3RD |
San Francisco Giants batting - Pitching for Atlanta Braves : RHP Gary Carter
|
Batting: RHB Paul Zuvella
|
0-0: Ball 1-0: Ground out 4-3 (Groundball, 34, EV 92.5 MPH)
|
Batting: LHB Doug Frobel
|
0-0: Ball 1-0: Called Strike 1-1: Foul Ball, location: 2F 1-2: DOUBLE (Flyball, 89XD, EV 103.8 MPH)
|
Batting: LHB Keith Hernandez
|
0-0: Ball 1-0: Called Strike 1-1: Ground out 4-3 (Groundball, 34D, EV 80.0 MPH) Doug Frobel to third
|
Batting: RHB Phil Bailey
|
0-0: Fly out, F9 (Flyball, 9D, EV 106.3 MPH)
|
Bottom of the 3rd over - 0 runs, 1 hit, 0 errors, 1 left on base; Atlanta 4 - San Francisco 2 |
TOP OF THE 4TH |
Atlanta Braves batting - Pitching for San Francisco Giants : LHP Tim Costello
|
Batting: RHB Guy Sularz
|
0-0: Swinging Strike 0-1: Foul Ball, location: 2F 0-2: Ball 1-2: Foul Ball, location: 2F 1-2: Ball 2-2: Ground out 4-3 (Groundball, 4, EV 104.4 MPH)
|
Batting: RHB Gary Allenson
|
0-0: Ball 1-0: Ball 2-0: Ball 3-0: Base on Balls
|
Batting: LHB Gary Carter
|
0-0: Bunted foul 0-1: Bunt missed! 0-2: Sac Bunt to 3S - play at first, batter OUT! 3-1 Gary Allenson to second
|
Batting: LHB Brett Butler
|
0-0: Fly out, F8 (Flyball, 89D, EV 90.0 MPH)
|
Top of the 4th over - 0 runs, 0 hits, 0 errors, 1 left on base; Atlanta 4 - San Francisco 2 |
BOTTOM OF THE 4TH |
San Francisco Giants batting - Pitching for Atlanta Braves : RHP Gary Carter
|
Batting: RHB Kevin Howard
|
0-0: Ball 1-0: Called Strike 1-1: Foul Ball, location: 2F 1-2: Strikes out swinging
|
Batting: RHB Billy L Smith
|
0-0: Ball 1-0: Called Strike 1-1: Foul Ball, location: 2F 1-2: Reached on error, E4 (Groundball, 4, EV 106.3 MPH)
|
Batting: RHB Don Lyle
|
0-0: Called Strike 0-1: Ball 1-1: Swinging Strike 1-2: Strikes out looking
|
Batting: LHB James Durrman
|
0-0: Foul Ball, location: 2F 0-1: Ball 1-1: Swinging Strike 1-2: Ground out U3 (Groundball, 13, EV 78.1 MPH)
|
Bottom of the 4th over - 0 runs, 0 hits, 1 error, 1 left on base; Atlanta 4 - San Francisco 2 |
TOP OF THE 5TH |
Atlanta Braves batting - Pitching for San Francisco Giants : LHP Tim Costello
|
Pitching: RHP Charles Davis
|
|
Batting: LHB Joe L Morgan
|
0-0: Ball 1-0: Ball 2-0: Called Strike 2-1: Called Strike 2-2: Strikes out swinging
|
Batting: SHB Tony Fernandez
|
0-0: Ball 1-0: Ground out 4-3 (Groundball, 4, EV 82.5 MPH)
|
Batting: LHB Karl Pagel
|
0-0: Ball 1-0: Swinging Strike 1-1: Foul Ball, location: 2F 1-2: Strikes out swinging
|
Top of the 5th over - 0 runs, 0 hits, 0 errors, 0 left on base; Atlanta 4 - San Francisco 2 |
BOTTOM OF THE 5TH |
San Francisco Giants batting - Pitching for Atlanta Braves : RHP Gary Carter
|
Batting: RHB Charles Davis
|
0-0: Ball 1-0: Fly out, F3 (Popup, 3F, EV 68.1 MPH)
|
Pitching: RHP Larry Yount
|
|
Batting: RHB Paul Zuvella
|
0-0: Called Strike 0-1: Swinging Strike 0-2: Ground out 6-3 (Groundball, 6, EV 88.1 MPH)
|
Batting: LHB Doug Frobel
|
0-0: Foul Ball, location: 2F 0-1: Foul Ball, location: 2F 0-2: Ball 1-2: Foul Ball, location: 2F 1-2: Ground out 6-3 (Groundball, 6, EV 93.1 MPH)
|
Bottom of the 5th over - 0 runs, 0 hits, 0 errors, 0 left on base; Atlanta 4 - San Francisco 2 |
TOP OF THE 6TH |
Atlanta Braves batting - Pitching for San Francisco Giants : RHP Charles Davis
|
Batting: LHB Mike Hargrove
|
0-0: Ball 1-0: Ball 2-0: Ball 3-0: Base on Balls
|
Batting: LHB Brent Hillenga
|
0-0: Foul Ball, location: 2F 0-1: Called Strike 0-2: Grounds into double play, 4-6-3 (Groundball, 4, EV 78.1 MPH)
|
Batting: RHB Guy Sularz
|
0-0: Called Strike 0-1: Ball 1-1: Ball 2-1: Foul Ball, location: 2F 2-2: Ball 3-2: Strikes out swinging
|
Top of the 6th over - 0 runs, 0 hits, 0 errors, 0 left on base; Atlanta 4 - San Francisco 2 |
BOTTOM OF THE 6TH |
San Francisco Giants batting - Pitching for Atlanta Braves : RHP Larry Yount
|
Batting: LHB Keith Hernandez
|
0-0: Fly out, F8 (Line Drive, 8RD, EV 84.4 MPH)
|
Batting: RHB Phil Bailey
|
0-0: Called Strike 0-1: Ball 1-1: Fly out, F5 (Popup, 56S, EV 67.5 MPH)
|
Batting: RHB Kevin Howard
|
0-0: Called Strike 0-1: Ground out 6-3 (Groundball, 6D, EV 87.5 MPH)
|
Bottom of the 6th over - 0 runs, 0 hits, 0 errors, 0 left on base; Atlanta 4 - San Francisco 2 |
TOP OF THE 7TH |
Atlanta Braves batting - Pitching for San Francisco Giants : RHP Charles Davis
|
Batting: RHB Gary Allenson
|
0-0: Foul Ball, location: 2F 0-1: Foul Ball, location: 2F 0-2: Ball 1-2: Fly out, F3 (Popup, 3S, EV 77.5 MPH)
|
Pinch Hitting: RHB James Shinn
|
0-0: Ball 1-0: SINGLE (Line Drive, 4D, EV 103.8 MPH)
|
Pitching: RHP Dan O'Brien
|
|
Now at 2B: John Macauley
|
|
Pinch Hitting: RHB Dan Ford
|
0-0: Ball 1-0: Called Strike 1-1: Foul Ball, location: 2F 1-2: Ball 2-2: Foul Ball, location: 2F 2-2: Foul Ball, location: 2F 2-2: Ball 3-2: Strikes out swinging
|
Pinch Hitting: SHB UL Washington
|
0-0: Ball 1-0: SINGLE (Line Drive, 7S, EV 110.6 MPH) James Shinn to second
|
Pinch Hitting: RHB Tom Veryzer
|
0-0: Ball 1-0: Called Strike 1-1: Foul Ball, location: 2F 1-2: Ball 2-2: Foul Ball, location: 2F 2-2: Strikes out swinging
|
Top of the 7th over - 0 runs, 2 hits, 0 errors, 2 left on base; Atlanta 4 - San Francisco 2 |
BOTTOM OF THE 7TH |
San Francisco Giants batting - Pitching for Atlanta Braves : RHP Larry Yount
|
Pitching: LHP Scott McGregor
|
|
Now at 2B: UL Washington
|
|
Now at 3B: Tom Veryzer
|
|
Now in LF: Leon Durham
|
|
Batting: RHB Billy L Smith
|
0-0: Ground out 5-3 (Groundball, 56S, EV 81.9 MPH)
|
Batting: RHB Don Lyle
|
0-0: Fly out, F7 (Flyball, 7LD, EV 100.0 MPH)
|
Batting: LHB James Durrman
|
0-0: Called Strike 0-1: Ball 1-1: Foul Ball, location: 2F 1-2: Ground out 4-3 (Groundball, 4, EV 100.6 MPH)
|
Bottom of the 7th over - 0 runs, 0 hits, 0 errors, 0 left on base; Atlanta 4 - San Francisco 2 |
TOP OF THE 8TH |
Atlanta Braves batting - Pitching for San Francisco Giants : RHP Dan O'Brien
|
Pinch Hitting: RHB Dave Sax
|
0-0: Ball 1-0: Ball 2-0: DOUBLE (Flyball, 89D, EV 101.3 MPH)
|
Pinch Hitting: RHB Mike Fuentes
|
0-0: Fly out, F8 (Flyball, 78XD, EV 107.5 MPH) Runner from 2nd tags up, SAFE at 3rd, no throw by CF
|
Pinch Hitting: RHB Dave Stegman
|
0-0: Ball 1-0: Fly out, F7 (Flyball, 7S, EV 82.5 MPH)
|
Pinch Hitting: LHB Dan Rohn
|
0-0: Foul Ball, location: 2F 0-1: Ball 1-1: Foul Ball, location: 2F 1-2: Ground out U3 (Groundball, 34, EV 85.6 MPH)
|
Top of the 8th over - 0 runs, 1 hit, 0 errors, 1 left on base; Atlanta 4 - San Francisco 2 |
BOTTOM OF THE 8TH |
San Francisco Giants batting - Pitching for Atlanta Braves : LHP Scott McGregor
|
Now at 1B: Mike Fuentes
|
|
Now at 2B: Dan Rohn
|
|
Now in CF: Dave Sax
|
|
Now in RF: Dave Stegman
|
|
Batting: SHB John Macauley
|
0-0: Foul Ball, location: 2F 0-1: Foul Ball, location: 2F 0-2: Ball 1-2: Fly out, F3 (Popup, 3SF, EV 71.3 MPH)
|
Pinch Hitting: SHB Tyler O'Dell
|
0-0: Foul Ball, location: 2F 0-1: Ball 1-1: SINGLE (Line Drive, 9S, EV 110.0 MPH)
|
Pinch Hitting: LHB Chris Stropolo
|
0-0: Ball 1-0: SINGLE (Line Drive, 78M, EV 98.8 MPH) Tyler O'Dell to second
|
Batting: LHB Keith Hernandez
|
0-0: Foul Ball, location: 2F 0-1: Fly out, F6 (Popup, 6, EV 59.4 MPH)
|
Batting: RHB Phil Bailey
|
0-0: Called Strike 0-1: Fly out, F8 (Flyball, 89D, EV 97.5 MPH)
|
Bottom of the 8th over - 0 runs, 2 hits, 0 errors, 2 left on base; Atlanta 4 - San Francisco 2 |
TOP OF THE 9TH |
Atlanta Braves batting - Pitching for San Francisco Giants : RHP Dan O'Brien
|
Now at 3B: Tyler O'Dell
|
|
Now in CF: Chris Stropolo
|
|
Pinch Hitting: RHB Adam Suman
|
0-0: Called Strike 0-1: Ball 1-1: Foul Ball, location: 2F 1-2: Ball 2-2: SINGLE (Line Drive, 8LS, EV 86.3 MPH)
|
Batting: LHB Leon Durham
|
0-0: Called Strike 0-1: Called Strike 0-2: Strikes out swinging
|
Pinch Hitting: LHB Mike Scioscia
|
0-0: Called Strike 0-1: Ball 1-1: Foul Ball, location: 2F 1-2: Foul Ball, location: 2F 1-2: Ball 2-2: Foul Ball, location: 2F 2-2: Foul Ball, location: 2F 2-2: Ball 3-2: Foul Ball, location: 2F 3-2: Base on Balls Adam Suman to second
|
Pitching: RHP Ross Davis
|
|
Now in RF: Ken Griffey Sr
|
|
Batting: SHB UL Washington
|
0-0: Called Strike 0-1: Fly out, F8 (Flyball, 89D, EV 103.1 MPH) Runner from 2nd tags up, SAFE at 3rd, no throw by CF
|
Batting: RHB Tom Veryzer
|
0-0: Ball 1-0: Called Strike 1-1: Ball 2-1: Foul Ball, location: 2F 2-2: Strikes out swinging
|
Top of the 9th over - 0 runs, 1 hit, 0 errors, 2 left on base; Atlanta 4 - San Francisco 2 |
BOTTOM OF THE 9TH |
San Francisco Giants batting - Pitching for Atlanta Braves : LHP Scott McGregor
|
Pitching: LHP Wilbur Wood
|
|
Now at C: Mike Scioscia
|
|
Batting: LHB Ken Griffey Sr
|
0-0: Foul Ball, location: 2F 0-1: Ground out 6-3 (Groundball, 6, EV 78.1 MPH)
|
Pinch Hitting: RHB Dickie Thon
|
0-0: Fly out, F7 (Flyball, 7S, EV 75.0 MPH)
|
Batting: RHB Don Lyle
|
0-0: Ball 1-0: SINGLE (Groundball, 34D, EV 100.0 MPH)
|
Pinch Hitting: RHB Don Slaught
|
0-0: Ball 1-0: Called Strike 1-1: Ground out 1-3 (Groundball, 23, EV 70.0 MPH)
|
Bottom of the 9th over - 0 runs, 1 hit, 0 errors, 1 left on base; Atlanta 4 - San Francisco 2 |
|